Map: Nightshade LE

Players

LiquidClem (Clem)

  • Race: Terran Terran
  • League: Master
  • Spawn Location: 11:00

Reynor - Winner!

  • Race: Zerg Zerg
  • League: Master
  • Spawn Location: 5:00

Event: Shopify TSL 5

VOD

Have the link to the VOD?

Description

Time

  • Played on: May 30, 2020, 11:47 a.m.
  • Length: 7:20

All games in this series

Show
View Real Time Build Order
Export as new Build Order

LiquidClem Terran 

Build Orders: Gas First Reaper Expand, Liberator Opening 

Get SALT Encoding   

  12  0:00  SCV  
  13  0:12  SCV  
  14  0:17  Supply Depot  
  14  0:24  SCV  
  15  0:29  Refinery  
  15  0:38  SCV  
  16  0:44  Barracks  
  16  0:50  SCV  
  17  1:03  SCV  
  18  1:15  SCV  
  19  1:30  Orbital Command  
  19  1:31  Reaper  
  20  1:41  Command Center  
  20  1:49  Supply Depot  
  20  1:55  Factory  
  20  1:59  SCV  
  21  2:07  Barracks Reactor  
  21  2:11  SCV  
  21  2:12  Supply Depot  
  22  2:19  Refinery  
  22  2:23  SCV  
  23  2:35  SCV  
  24  2:46  Starport  
  24  2:47  SCV  
  24  2:49  Hellion x2  
  29  2:56  Orbital Command  
  29  2:59  Reaper  
  29  3:00  SCV  
  31  3:10  Hellion  
  31  3:12  Hellion  
  35  3:15  SCV  
  36  3:22  Liberator  
  36  3:24  SCV  
  40  3:29  SCV  
  40  3:31  Supply Depot  
  41  3:36  SCV  
  41  3:37  Hellion  
  41  3:41  Hellion  
  46  3:52  Marine  
  46  3:53  SCV x2  
  46  3:55  Supply Depot  
  49  3:59  Hellion  
  49  4:02  Hellion  
  53  4:05  SCV  
  53  4:08  Starport Reactor  
  54  4:17  SCV x2  
  55  4:19  Command Center  
  55  4:22  Barracks Tech Lab  
  56  4:29  SCV x2, Supply Depot  
  58  4:36  Factory Tech Lab  
  54  4:40  Barracks  
  54  4:41  SCV  
  54  4:42  Barracks  
  54  4:44  Marine  
  54  4:45  SCV  
  57  4:52  Stimpack  
  55  4:53  SCV, Starport Reactor  
  55  4:58  Engineering Bay  
  55  4:59  Engineering Bay  
  56  5:01  Marine  
  56  5:03  SCV  
  58  5:10  SCV  
  58  5:11  Siege Tank  
  62  5:15  SCV, Refinery  
  62  5:17  Refinery  
  62  5:19  Marine  
  64  5:22  SCV  
  64  5:24  Terran Infantry Weapons Level 1  
  64  5:25  Terran Infantry Armor Level 1  
  64  5:27  SCV  
  64  5:28  Marine x2  
  66  5:33  Orbital Command  
  68  5:36  Marine x2  
  68  5:37  Marine  
  68  5:38  SCV  
  72  5:42  Medivac  
  72  5:43  Medivac  
  72  5:45  SCV  
  72  5:46  Marine  
  78  5:50  SCV, Marine  
  78  5:54  Orbital Command, Marine  
  78  5:55  Siege Tank  
  84  5:58  Supply Depot  
  84  6:01  Marine  
  84  6:02  Marine  
  86  6:04  SCV  
  86  6:05  SCV  
  86  6:07  Marine  
  86  6:08  Marine  
  86  6:11  Supply Depot  
  90  6:12  Marine  
  90  6:15  Armory  
  90  6:16  SCV  
  90  6:17  SCV  
  93  6:21  SCV  
  93  6:22  Marine  
  93  6:24  Marine  
  96  6:29  SCV  
  96  6:30  Barracks  
  97  6:34  Marine, Barracks  
  97  6:36  Supply Depot  
  97  6:37  SCV  
  97  6:38  SCV  
  100  6:45  Marine  
  100  6:46  SCV  
  102  6:48  Siege Tank  
  102  6:49  SCV  
  102  6:51  SCV, Supply Depot  
  106  6:59  Marine x3  
Show
View Real Time Build Order
Export as new Build Order

Reynor Zerg - Winner!

Build Orders: Hatch First 

Get SALT Encoding   

  12  0:00  Drone  
  13  0:12  Overlord  
  13  0:16  Drone  
  14  0:30  Drone x2  
  16  0:48  Hatchery  
  15  0:50  Drone  
  15  0:54  Drone  
  17  0:57  Drone  
  18  1:07  Extractor  
  17  1:12  Spawning Pool  
  17  1:15  Drone  
  17  1:18  Drone  
  18  1:27  Drone  
  19  1:38  Drone  
  20  1:49  Overlord  
  20  1:59  Queen x2  
  20  2:00  Zergling x4  
  26  2:10  Drone  
  26  2:11  Drone  
  28  2:21  Drone x2  
  30  2:27  Hatchery  
  29  2:33  Drone x2  
  31  2:37  Metabolic Boost  
  31  2:44  Queen  
  31  2:49  Overlord  
  33  2:52  Drone  
  33  2:54  Drone  
  33  2:57  Drone  
  36  3:07  Overlord  
  36  3:08  Drone x3  
  36  3:10  Drone  
  40  3:16  Queen  
  40  3:18  Drone  
  40  3:19  Drone  
  44  3:26  Drone  
  45  3:28  Queen  
  45  3:30  Drone  
  48  3:36  Zergling x2  
  48  3:39  Zergling x2, Baneling Nest  
  48  3:40  Zergling x2  
  50  3:48  Zergling x2  
  50  3:49  Queen  
  50  3:51  Overlord  
  50  3:52  Zergling x4  
  55  3:55  Overlord  
  55  4:01  Zergling x6  
  58  4:10  Overlord  
  58  4:15  Drone x3  
  61  4:20  Zergling x2  
  61  4:22  Drone  
  61  4:24  Drone x3  
  65  4:25  Drone x2  
  65  4:27  Overlord  
  65  4:28  Baneling x3  
  68  4:31  Drone  
  68  4:34  Drone  
  68  4:35  Drone  
  70  4:42  Queen  
  70  4:44  Spore Crawler  
  70  4:45  Drone x2  
  66  4:46  Lair  
  66  4:48  Drone x2  
  66  4:50  Drone x2  
  69  4:53  Drone  
  69  4:57  Zergling x4  
  72  5:00  Zergling x4  
  72  5:01  Drone x2  
  72  5:04  Drone  
  72  5:05  Drone  
  78  5:08  Drone  
  78  5:09  Drone  
  78  5:12  Extractor  
  78  5:13  Extractor  
  78  5:15  Drone  
  78  5:19  Drone x2  
  81  5:23  Overlord  
  81  5:28  Overlord  
  81  5:36  Hatchery  
  81  5:37  Overlord  
  81  5:38  Drone  
  81  5:42  Drone x4  
  85  5:43  Evolution Chamber x2  
  85  5:46  Centrifical Hooks  
  85  5:49  Overlord  
  85  5:50  Zergling x4  
  85  5:51  Drone x2  
  85  5:55  Zergling x4, Extractor  
  85  5:57  Drone x2, Extractor  
  89  6:04  Overlord  
  89  6:05  Zergling x8  
  89  6:11  Drone  
  94  6:12  Drone  
  94  6:17  Zergling x8  
  99  6:19  Drone  
  99  6:22  Zergling x6  
  99  6:23  Zergling x6  
  99  6:24  Baneling  
  99  6:25  Baneling x3  
  106  6:29  Zergling x4  
  106  6:30  Baneling x4  
  108  6:35  Zergling x2  
  109  6:40  Zergling x4  
  109  6:43  Overlord  
  109  6:46  Zergling x2  
  109  6:47  Zergling x4  
  113  6:50  Zergling x4  
  109  6:55  Zergling x14  
  109  6:56  Zergling x2  
  109  6:59  Zergling x2  
Tags
 
Add a new tag
Caveats
  • Supply blocks, unpowered buildings, or Contaminate may cause inaccurate times.
  • Supply counts are checked every 10 seconds.